Calgary Flames vs Dallas Stars

Created - Saturday, February 14, 2026 at 09:09

Goals
1 2 3 T
Calgary Flames 0 1 1 2
Dallas Stars 1 2 0 3
Shots
1 2 3 T
Calgary Flames 14 12 12 38
Dallas Stars 13 12 15 40

1st period

1. Dallas Stars , Brendan Gallagher 7 (Josh Anderson 7, Jordan Martinook 9) at 11:08

Penalties :
No Penalty

2nd period

2. Calgary Flames , Nic Dowd 5 (Zach Hyman 15) at 0:27
3. Dallas Stars , Jordan Greenway 1 (Filip Chytil 4) at 0:35
4. Dallas Stars , Alex Iafallo 6 (Trevor van Riemsdyk 9) at 2:52

Penalties :
Bo Horvat (CGY) for High sticking (Minor) at 11:45

3rd period

5. Calgary Flames , Zach Hyman 15 (Cale Makar 20, Sebastian Aho 18) at 17:10 (PP)

Penalties :
Jeremy Lauzon (CGY) for Tripping (Minor) at 10:13, Trent Frederic (DAL) for Tripping (Minor) at 15:45, Rasmus Andersson (CGY) for Hooking (Minor) at 19:20

Goalie Stats

Ilya Sorokin (CGY), 37 saves from 40 shots - (0.925), L, 10-2-5, 60:00 minutes
Alex Lyon (DAL), 36 saves from 38 shots - (0.947), W, 3-6-2, 60:00 minutes

Players Stats for Calgary Flames

Player Name              G  A  P  +/- PIM S  H  SB GA TA FO     MP     PP MP  PK MP  
------------------------------------------------------------------------------------
Bo Horvat                0  0  0  -2  2   3  1  1  0  0  8/15   18:18   1:25   1:07 
Cale Makar               0  1  1  -1  0   1  0  3  0  0  0/0    23:05   1:25   2:43 
Chris Kreider            0  0  0   0  0   5  0  1  0  0  0/0    18:12   0:00   0:06 
Drew Doughty             0  0  0  -1  0   1  1  1  0  2  0/0    21:19   0:00   2:17 
Evan Rodrigues           0  0  0  -2  0   2  1  0  0  1  0/0    15:26   0:00   0:00 
Filip Hronek             0  0  0   0  0   0  3  0  0  0  0/0    18:15   0:00   0:00 
J.T. Miller              0  0  0   0  0   0  1  1  0  3  17/26  20:28   0:00   2:23 
Jeremy Lauzon            0  0  0  -1  2   1  1  1  0  0  0/0    17:53   0:00   0:57 
Joel Eriksson Ek         0  0  0   0  0   4  2  0  1  0  1/3    20:28   0:00   2:23 
Mark Jankowski           0  0  0   1  0   0  0  0  0  1  0/0     7:10   0:00   0:00 
Mathieu Joseph           0  0  0   1  0   2  0  1  0  0  0/1     7:10   0:00   0:00 
Nic Dowd                 1  0  1   1  0   3  2  0  0  1  2/7     7:10   0:00   0:00 
Nick Paul                0  0  0  -1  0   0  1  0  0  1  2/2    13:42   0:00   0:46 
Pavel Zacha              0  0  0  -1  0   4  2  0  0  1  10/16  13:18   0:00   0:21 
Rasmus Andersson         0  0  0   0  2   2  0  1  0  1  0/0    22:06   1:25   2:23 
Sebastian Aho            0  1  1  -2  0   4  3  1  0  0  1/1    19:19   1:25   2:08 
Uvis Balinskis           0  0  0  -1  0   0  1  2  0  1  0/0    17:40   0:00   0:54 
Zach Hyman               1  1  2  -1  0   6  0  1  0  1  0/1    14:21   1:25   0:00 

Players Stats for Dallas Stars

Player Name              G  A  P  +/- PIM S  H  SB GA TA FO     MP     PP MP  PK MP  
------------------------------------------------------------------------------------
Alex Iafallo             1  0  1   2  0   6  0  0  2  0  1/3    14:56   2:01   0:00 
Arber Xhekaj             0  0  0  -1  0   0  3  4  0  0  0/0    13:43   0:00   0:00 
Brendan Gallagher        1  0  1   0  0   6  1  0  0  0  1/1    18:23   2:36   0:56 
Cam York                 0  0  0  -1  0   0  0  0  0  1  0/0    13:43   0:00   0:00 
Dougie Hamilton          0  0  0   2  0   1  1  1  1  0  0/0    26:54   2:10   1:25 
Elias Lindholm           0  0  0   0  0   3  2  0  0  0  10/19  17:56   2:36   0:29 
Filip Chytil             0  1  1   2  0   3  2  0  0  0  10/17  12:55   0:00   0:00 
Jack Drury               0  0  0   0  0   2  2  0  1  0  2/7    10:03   0:00   0:00 
Jakob Chychrun           0  0  0   1  0   2  0  0  0  0  0/0    19:23   2:27   0:00 
Joel Kiviranta           0  0  0   0  0   0  0  0  2  0  0/1    10:03   0:00   0:00 
Jonas Siegenthaler       0  0  0   1  0   3  3  0  0  0  0/0    19:23   2:27   0:00 
Jonatan Berggren         0  0  0   0  0   1  0  0  0  0  5/19   15:50   0:00   0:00 
Jordan Greenway          1  0  1   2  0   3  1  1  0  0  1/3    12:55   0:00   0:00 
Jordan Martinook         0  1  1   0  0   4  1  0  6  0  0/0    19:06   2:01   0:56 
Josh Anderson            0  1  1   0  0   1  3  0  0  0  0/0    18:15   2:36   0:29 
Luke Kunin               0  0  0   0  0   0  5  0  0  0  1/1    18:10   2:01   0:00 
Trent Frederic           0  0  0   0  2   2  1  0  1  0  0/1    10:02   0:00   0:00 
Trevor van Riemsdyk      0  1  1   2  0   3  0  5  0  0  0/0    26:54   2:10   1:25 

3 Stars

1 - Alex Lyon (DAL)
2 - Jordan Greenway (DAL)
3 - Alex Iafallo (DAL)

Power Play

Calgary Flames - 1 on 1 Attempt(s) - 100.00%
Dallas Stars - 0 on 3 Attempt(s) - 0.00%

Penalty Kill

Calgary Flames - 3 on 3 Attempt(s) - 100.00% - Score 0 goal in Penalty Kill
Dallas Stars - 0 on 1 Attempt(s) - 0.00% - Score 0 goal in Penalty Kill

Team Stat

Calgary Flames - Hits : 19 - Faceoff Wins : 41 - Blocked Shots : 14 - Penalty Minutes : 6
Dallas Stars - Hits : 25 - Faceoff Wins : 31 - Blocked Shots : 11 - Penalty Minutes : 2

Official

Referees : Ian Walsh and Trevor Hanson
Linesman : Brandon Gawryletz and Tommy Hughes

Game Notes

No Game Note

Finance

Level 1 -- Attendance: 5278 (87.97%) -- Ticket Income $475,020
Level 2 -- Attendance: 5000 (100.00%) -- Ticket Income $250,000
Level 3 -- Attendance: 2689 (89.63%) -- Ticket Income $80,670
Level 4 -- Attendance: 3380 (67.60%) -- Ticket Income $84,500
Luxury Box -- Attendance: 980 (98.00%) -- Ticket Income $186,200
Game was played at the American Airlines Center.
Total Attendance: 17327 (86.64%)
Total Ticket Income: $1,076,390
Other Income: $376,736
Total Income: $1,453,126

Calgary Flames

5 vs 5 Forward 
   Center                   Left Wing                Right Wing               Time % Phy DF OF 
 1 Bo Horvat                Sebastian Aho            Evan Rodrigues           32     0   2  3  
 2 J.T. Miller              Joel Eriksson Ek         Chris Kreider            32     0   1  4  
 3 Pavel Zacha              Nick Paul                Zach Hyman               25     1   2  2  
 4 Nic Dowd                 Mark Jankowski           Mathieu Joseph           11     1   2  2  

5 vs 5 Defense 
   Defense                  Defense                                           Time % Phy DF OF 
 1 Cale Makar               Drew Doughty                                      35     0   1  4  
 2 Filip Hronek             Rasmus Andersson                                  35     0   3  2  
 3 Jeremy Lauzon            Uvis Balinskis                                    30     0   5  0  
 4 Cale Makar               Rasmus Andersson                                  0      1   2  2  

PowerPlay Forward 
   Center                   Left Wing                Right Wing               Time % Phy DF OF 
 1 Bo Horvat                Sebastian Aho            Zach Hyman               50     0   0  5  
 2 J.T. Miller              Nick Paul                Chris Kreider            50     0   0  5  

PowerPlay Defense
   Defense                  Defense                                           Time % Phy DF OF 
 1 Cale Makar               Rasmus Andersson                                  50     0   0  5  
 2 Joel Eriksson Ek         Drew Doughty                                      50     0   1  4  

Penalty Kill 4 Players Forward 
   Center                   Wing                     Time % Phy DF OF 
 1 Bo Horvat                Sebastian Aho            50     0   4  1  
 2 J.T. Miller              Joel Eriksson Ek         50     0   5  0  

Penalty Kill 4 Players Defense
   Defense                  Defense                  Time % Phy DF OF 
 1 Cale Makar               Rasmus Andersson         50     0   4  1  
 2 Jeremy Lauzon            Drew Doughty             50     0   5  0  

Penalty Kill - 3 Players Forward 
   Forward                                           Time % Phy DF OF 
 1 Bo Horvat                                         50     0   5  0  
 2 Sebastian Aho                                     50     0   5  0  

Penalty Kill - 3 Players Defense
   Defense                  Defense                  Time % Phy DF OF 
 1 Cale Makar               Rasmus Andersson         50     0   5  0  
 2 Jeremy Lauzon            Drew Doughty             50     0   5  0  

4 vs 4 Forward 
   Center                   Wing                     Time % Phy DF OF 
 1 Bo Horvat                Sebastian Aho            50     0   2  3  
 2 J.T. Miller              Joel Eriksson Ek         50     0   2  3  

4 vs 4 Defense
   Defense                  Defense                  Time % Phy DF OF 
 1 Cale Makar               Rasmus Andersson         50     0   2  3  
 2 Jeremy Lauzon            Drew Doughty             50     0   3  2  

Last Minutes Offensive
   Center                   Left Wing                Right Wing               Defense                  Defense                  
   Bo Horvat                Sebastian Aho            Evan Rodrigues           Cale Makar               Rasmus Andersson         

Last Minutes Defensive
   Center                   Left Wing                Right Wing               Defense                  Defense                  
   Bo Horvat                Sebastian Aho            Evan Rodrigues           Cale Makar               Rasmus Andersson         

Goaltenders
Starting : Ilya Sorokin             
Backup : Anton Forsberg           

Extra Forwards
Normal : Evan Rodrigues, Pavel Zacha, Nick Paul - PP : Evan Rodrigues, Pavel Zacha - PK : Nick Paul
Extra Defensemen
Normal : Jeremy Lauzon, Rasmus Andersson, Cale Makar - PP : Jeremy Lauzon - PK : Rasmus Andersson, Cale Makar
Penalty Shots
Bo Horvat, Sebastian Aho, J.T. Miller, Cale Makar, Zach Hyman

Scratches
Alec Martinez (Healthy), Ben Meyers (Healthy)

Dallas Stars

5 vs 5 Forward 
   Center                   Left Wing                Right Wing               Time % Phy DF OF 
 1 Elias Lindholm           Josh Anderson            Brendan Gallagher        30     1   2  2  
 2 Jonatan Berggren         Jordan Martinook         Luke Kunin               30     1   2  2  
 3 Filip Chytil             Alex Iafallo             Jordan Greenway          25     1   2  2  
 4 Jack Drury               Joel Kiviranta           Trent Frederic           15     1   2  2  

5 vs 5 Defense 
   Defense                  Defense                                           Time % Phy DF OF 
 1 Dougie Hamilton          Trevor van Riemsdyk                               30     1   2  2  
 2 Jakob Chychrun           Jonas Siegenthaler                                30     1   2  2  
 3 Cam York                 Arber Xhekaj                                      25     1   2  2  
 4 Dougie Hamilton          Trevor van Riemsdyk                               15     1   2  2  

PowerPlay Forward 
   Center                   Left Wing                Right Wing               Time % Phy DF OF 
 1 Elias Lindholm           Josh Anderson            Brendan Gallagher        50     1   2  2  
 2 Alex Iafallo             Jordan Martinook         Luke Kunin               50     1   2  2  

PowerPlay Defense
   Defense                  Defense                                           Time % Phy DF OF 
 1 Dougie Hamilton          Trevor van Riemsdyk                               50     1   2  2  
 2 Jakob Chychrun           Jonas Siegenthaler                                50     1   2  2  

Penalty Kill 4 Players Forward 
   Center                   Wing                     Time % Phy DF OF 
 1 Elias Lindholm           Josh Anderson            50     1   2  2  
 2 Brendan Gallagher        Jordan Martinook         50     1   2  2  

Penalty Kill 4 Players Defense
   Defense                  Defense                  Time % Phy DF OF 
 1 Dougie Hamilton          Trevor van Riemsdyk      50     1   2  2  
 2 Jakob Chychrun           Jonas Siegenthaler       50     1   2  2  

Penalty Kill - 3 Players Forward 
   Forward                                           Time % Phy DF OF 
 1 Elias Lindholm                                    50     1   2  2  
 2 Josh Anderson                                     50     1   2  2  

Penalty Kill - 3 Players Defense
   Defense                  Defense                  Time % Phy DF OF 
 1 Dougie Hamilton          Trevor van Riemsdyk      50     1   2  2  
 2 Jakob Chychrun           Jonas Siegenthaler       50     1   2  2  

4 vs 4 Forward 
   Center                   Wing                     Time % Phy DF OF 
 1 Elias Lindholm           Josh Anderson            50     1   2  2  
 2 Brendan Gallagher        Jordan Martinook         50     1   2  2  

4 vs 4 Defense
   Defense                  Defense                  Time % Phy DF OF 
 1 Dougie Hamilton          Trevor van Riemsdyk      50     1   2  2  
 2 Jakob Chychrun           Jonas Siegenthaler       50     1   2  2  

Last Minutes Offensive
   Center                   Left Wing                Right Wing               Defense                  Defense                  
   Elias Lindholm           Josh Anderson            Brendan Gallagher        Dougie Hamilton          Trevor van Riemsdyk      

Last Minutes Defensive
   Center                   Left Wing                Right Wing               Defense                  Defense                  
   Elias Lindholm           Josh Anderson            Brendan Gallagher        Dougie Hamilton          Trevor van Riemsdyk      

Goaltenders
Starting : Alex Lyon                
Backup : Ukko-Pekka Luukkonen     

Extra Forwards
Normal : Alex Iafallo, Joel Kiviranta, Josh Anderson - PP : Alex Iafallo, Joel Kiviranta - PK : Elias Lindholm
Extra Defensemen
Normal : Cam York, Arber Xhekaj, Jakob Chychrun - PP : Cam York - PK : Arber Xhekaj, Jakob Chychrun
Penalty Shots
Elias Lindholm, Josh Anderson, Brendan Gallagher, Jordan Martinook, Alex Iafallo

Scratches
Ty Smith (Healthy), Nils Lundkvist (Healthy), Philip Tomasino (Healthy), Marc-Andre Fleury (Healthy), Semyon Varlamov (Healthy)

% Time on Ice - Calgary Flames

Lines # - Real PCT - Wanted PCT - Time Play
Normal Forward
1 - 29% - 32% - 15:44
2 - 34% - 32% - 18:05
3 - 24% - 25% - 12:56
4 - 13% - 11% - 7:10
Normal Defense
1 - 35% - 35% - 18:54
2 - 34% - 35% - 18:24
3 - 31% - 30% - 16:37
4 - 0% - 0% - 0:00
PP Forward
1 - 100% - 50% - 1:25
2 - 0% - 50% - 0:00
PP Defense
1 - 100% - 50% - 1:25
2 - 0% - 50% - 0:00
PK Forward
1 - 48% - 50% - 2:14
2 - 52% - 50% - 2:23
PK Defense
1 - 51% - 50% - 2:20
2 - 49% - 50% - 2:17
PK3 Forward
1 - 0% - 50%
2 - 0% - 50%
PK3 Defense
1 - 0% - 50%
2 - 0% - 50%
44 Forward
1 - 0% - 50%
2 - 0% - 50%
44 Defense
1 - 0% - 50%
2 - 0% - 50%
Last Minute Offensive  - 0:03
Last Minute Defensive  - 0:00
Total
Forward - 60:00
Defense - 60:00

% Time on Ice - Dallas Stars

Lines # - Real PCT - Wanted PCT - Time Play
Normal Forward
1 - 27% - 30% - 14:48
2 - 30% - 30% - 16:09
3 - 24% - 25% - 12:55
4 - 19% - 15% - 10:03
Normal Defense
1 - 30% - 30% - 16:20
2 - 31% - 30% - 16:56
3 - 25% - 25% - 13:43
4 - 13% - 15% - 6:56
PP Forward
1 - 56% - 50% - 2:36
2 - 44% - 50% - 2:01
PP Defense
1 - 47% - 50% - 2:10
2 - 53% - 50% - 2:27
PK Forward
1 - 34% - 50% - 0:29
2 - 66% - 50% - 0:56
PK Defense
1 - 100% - 50% - 1:25
2 - 0% - 50% - 0:00
PK3 Forward
1 - 0% - 50%
2 - 0% - 50%
PK3 Defense
1 - 0% - 50%
2 - 0% - 50%
44 Forward
1 - 0% - 50%
2 - 0% - 50%
44 Defense
1 - 0% - 50%
2 - 0% - 50%
Last Minute Offensive  - 0:00
Last Minute Defensive  - 0:03
Total
Forward - 60:00
Defense - 60:00

Play-by-Play

1st period


0:01 of 1st period - Bo Horvat wins face-off versus Elias Lindholm in neutral zone.
0:04 of 1st period - Wrist shot by Sebastian Aho.
0:04 of 1st period - Shot Misses the Net.
0:13 of 1st period - Icing by Elias Lindholm.
0:14 of 1st period - J.T. Miller wins face-off versus Elias Lindholm in Dallas Stars zone.
0:15 of 1st period - Slapshot by Chris Kreider.
0:15 of 1st period - Stopped by Alex Lyon with a rebound.
1:13 of 1st period - Dougie Hamilton is hit by Filip Hronek and loses puck.
1:24 of 1st period - Snap shot by Elias Lindholm.
1:24 of 1st period - Stopped by Ilya Sorokin without a rebound.
1:25 of 1st period - Bo Horvat wins face-off versus Jonatan Berggren in Calgary Flames zone.
2:10 of 1st period - Wrist shot by Sebastian Aho.
2:10 of 1st period - Stopped by Alex Lyon with a rebound.
2:12 of 1st period - Slapshot by Jeremy Lauzon.
2:12 of 1st period - Stopped by Alex Lyon without a rebound.
2:13 of 1st period - Filip Chytil wins face-off versus J.T. Miller in Dallas Stars zone.
3:26 of 1st period - Slapshot by Chris Kreider.
3:26 of 1st period - Stopped by Alex Lyon without a rebound.
3:27 of 1st period - Jack Drury wins face-off versus Pavel Zacha in Dallas Stars zone.
3:32 of 1st period - Snap shot by Jack Drury.
3:32 of 1st period - Stopped by Ilya Sorokin with a rebound.
3:34 of 1st period - Slapshot by Jakob Chychrun.
3:34 of 1st period - Stopped by Ilya Sorokin without a rebound.
3:35 of 1st period - Filip Chytil wins face-off versus Pavel Zacha in Calgary Flames zone.
3:45 of 1st period - Backhand shot by Jordan Greenway.
3:45 of 1st period - Deflect By Alex Iafallo.
3:45 of 1st period - Stopped by Ilya Sorokin without a rebound.
3:46 of 1st period - Filip Chytil wins face-off versus J.T. Miller in Calgary Flames zone.
4:13 of 1st period - Cam York is hit by Sebastian Aho and loses puck.
4:44 of 1st period - Slapshot by Pavel Zacha.
4:44 of 1st period - Stopped by Alex Lyon with a rebound.
4:46 of 1st period - Slapshot by Jeremy Lauzon.
4:46 of 1st period - Shot Misses the Net.
5:36 of 1st period - Josh Anderson is hit by Evan Rodrigues and loses puck.
6:23 of 1st period - Snap shot by Jordan Martinook.
6:23 of 1st period - Shot Misses the Net.
6:25 of 1st period - Wrist shot by Luke Kunin.
6:25 of 1st period - Shot Misses the Net.
6:27 of 1st period - Snap shot by Jordan Martinook.
6:27 of 1st period - Stopped by Ilya Sorokin without a rebound.
6:28 of 1st period - J.T. Miller wins face-off versus Filip Chytil in Calgary Flames zone.
6:39 of 1st period - Snap shot by Joel Eriksson Ek.
6:39 of 1st period - Shot Misses the Net.
6:55 of 1st period - Sebastian Aho is hit by Jack Drury.
7:21 of 1st period - Snap shot by Zach Hyman.
7:21 of 1st period - Stopped by Alex Lyon without a rebound.
7:22 of 1st period - J.T. Miller wins face-off versus Jonatan Berggren in Dallas Stars zone.
7:49 of 1st period - Snap shot by Evan Rodrigues.
7:49 of 1st period - Stopped by Alex Lyon with a rebound.
8:18 of 1st period - Snap shot by Sebastian Aho.
8:18 of 1st period - Shot Misses the Net.
8:29 of 1st period - Off-side.
8:30 of 1st period - Pavel Zacha wins face-off versus Jack Drury in neutral zone.
8:33 of 1st period - Joel Kiviranta is hit by Pavel Zacha.
9:03 of 1st period - Snap shot by J.T. Miller.
9:03 of 1st period - Shot Blocked by Arber Xhekaj.
9:05 of 1st period - Slapshot by Rasmus Andersson.
9:05 of 1st period - Stopped by Alex Lyon without a rebound.
9:06 of 1st period - J.T. Miller wins face-off versus Filip Chytil in Dallas Stars zone.
9:19 of 1st period - J.T. Miller is hit by Dougie Hamilton and loses puck.
11:04 of 1st period - Snap shot by Brendan Gallagher.
11:04 of 1st period - Shot Blocked by Jeremy Lauzon.
11:06 of 1st period - Wrist shot by Josh Anderson.
11:06 of 1st period - Shot Misses the Net.
11:08 of 1st period - Slapshot by Brendan Gallagher.
11:08 of 1st period - Goal by Brendan Gallagher - Calgary Flames : 0 - Dallas Stars : 1.
11:09 of 1st period - J.T. Miller wins face-off versus Filip Chytil in neutral zone.
11:37 of 1st period - Wrist shot by Jordan Martinook.
11:37 of 1st period - Stopped by Ilya Sorokin without a rebound.
11:38 of 1st period - Sebastian Aho wins face-off versus Jonatan Berggren in Calgary Flames zone.
11:38 of 1st period - Sebastian Aho is hit by Arber Xhekaj.
12:09 of 1st period - Bo Horvat is hit by Jordan Martinook and loses puck.
12:26 of 1st period - Slapshot by Jakob Chychrun.
12:26 of 1st period - Deflect By Jonatan Berggren.
12:26 of 1st period - Shot Misses the Net.
12:26 of 1st period - Puck is out of play.
12:27 of 1st period - Elias Lindholm wins face-off versus J.T. Miller in Calgary Flames zone.
12:28 of 1st period - Wrist shot by Brendan Gallagher.
12:28 of 1st period - Shot Misses the Net.
12:34 of 1st period - Snap shot by Brendan Gallagher.
12:34 of 1st period - Stopped by Ilya Sorokin without a rebound.
12:35 of 1st period - Elias Lindholm wins face-off versus J.T. Miller in Calgary Flames zone.
13:35 of 1st period - Wrist shot by Joel Eriksson Ek.
13:35 of 1st period - Stopped by Alex Lyon with a rebound.
13:37 of 1st period - Wrist shot by Joel Eriksson Ek.
13:37 of 1st period - Shot Blocked by Arber Xhekaj.
13:39 of 1st period - Slapshot by Cale Makar.
13:39 of 1st period - Shot Misses the Net.
13:41 of 1st period - Slapshot by Cale Makar.
13:41 of 1st period - Shot Blocked by Arber Xhekaj.
13:43 of 1st period - Wrist shot by Joel Eriksson Ek.
13:43 of 1st period - Deflect By Cam York.
13:43 of 1st period - Shot Misses the Net.
13:43 of 1st period - Puck is out of play.
13:44 of 1st period - Pavel Zacha wins face-off versus Filip Chytil in Dallas Stars zone.
13:53 of 1st period - Snap shot by Nick Paul.
13:53 of 1st period - Shot Blocked by Trevor van Riemsdyk.
13:57 of 1st period - Wrist shot by Pavel Zacha.
13:57 of 1st period - Shot Misses the Net.
13:59 of 1st period - Snap shot by Pavel Zacha.
13:59 of 1st period - Shot Blocked by Dougie Hamilton.
14:18 of 1st period - Snap shot by Brendan Gallagher.
14:18 of 1st period - Stopped by Ilya Sorokin with a rebound.
14:20 of 1st period - Slapshot by Trevor van Riemsdyk.
14:20 of 1st period - Shot Misses the Net.
14:22 of 1st period - Slapshot by Trevor van Riemsdyk.
14:22 of 1st period - Deflect By Bo Horvat.
14:22 of 1st period - Stopped by Ilya Sorokin with a rebound.
14:24 of 1st period - Snap shot by Brendan Gallagher.
14:24 of 1st period - Stopped by Ilya Sorokin without a rebound.
14:25 of 1st period - Jonatan Berggren wins face-off versus Pavel Zacha in Calgary Flames zone.
14:59 of 1st period - Wrist shot by Nic Dowd.
14:59 of 1st period - Stopped by Alex Lyon without a rebound.
15:00 of 1st period - Bo Horvat wins face-off versus Jordan Greenway in Dallas Stars zone.
15:07 of 1st period - Wrist shot by Bo Horvat.
15:07 of 1st period - Stopped by Alex Lyon without a rebound.
15:08 of 1st period - Filip Chytil wins face-off versus Bo Horvat in Dallas Stars zone.
15:26 of 1st period - Off-side.
15:27 of 1st period - Pavel Zacha wins face-off versus Elias Lindholm in neutral zone.
15:40 of 1st period - Rasmus Andersson is hit by Jonas Siegenthaler and loses puck.
15:53 of 1st period - Jonatan Berggren is hit by Joel Eriksson Ek and loses puck.
16:02 of 1st period - Snap shot by Joel Eriksson Ek.
16:02 of 1st period - Shot Misses the Net.
16:04 of 1st period - Slapshot by Rasmus Andersson.
16:04 of 1st period - Stopped by Alex Lyon without a rebound.
16:05 of 1st period - Filip Chytil wins face-off versus Nic Dowd in Dallas Stars zone.
16:10 of 1st period - Snap shot by Filip Chytil.
16:10 of 1st period - Stopped by Ilya Sorokin without a rebound.
16:11 of 1st period - Jordan Greenway wins face-off versus Mathieu Joseph in Calgary Flames zone.
17:12 of 1st period - Jeremy Lauzon is hit by Luke Kunin and loses puck.
17:26 of 1st period - Off-side.
17:27 of 1st period - Bo Horvat wins face-off versus Trent Frederic in neutral zone.
17:58 of 1st period - Wrist shot by Sebastian Aho.
17:58 of 1st period - Stopped by Alex Lyon without a rebound.
17:59 of 1st period - Pavel Zacha wins face-off versus Jordan Greenway in Dallas Stars zone.
18:08 of 1st period - Snap shot by Alex Iafallo.
18:08 of 1st period - Stopped by Ilya Sorokin with a rebound.
18:10 of 1st period - Slapshot by Arber Xhekaj.
18:10 of 1st period - Deflect By Alex Iafallo.
18:10 of 1st period - Shot Misses the Net.
18:10 of 1st period - Puck is out of play.
18:11 of 1st period - Jonatan Berggren wins face-off versus Joel Eriksson Ek in Calgary Flames zone.
18:18 of 1st period - Wrist shot by Jordan Martinook.
18:18 of 1st period - Deflect By Luke Kunin.
18:18 of 1st period - Shot Misses the Net.
18:18 of 1st period - Puck is out of play.
18:19 of 1st period - J.T. Miller wins face-off versus Jonatan Berggren in Calgary Flames zone.
18:46 of 1st period - Slapshot by Luke Kunin.
18:46 of 1st period - Shot Misses the Net.
19:02 of 1st period - Slapshot by Cale Makar.
19:02 of 1st period - Deflect By J.T. Miller.
19:02 of 1st period - Shot Misses the Net.
19:02 of 1st period - Puck is out of play.
19:03 of 1st period - Elias Lindholm wins face-off versus Pavel Zacha in Dallas Stars zone.
19:34 of 1st period - Jakob Chychrun is hit by Bo Horvat and loses puck.
19:41 of 1st period - Snap shot by Sebastian Aho.
19:41 of 1st period - Stopped by Alex Lyon with a rebound.
19:43 of 1st period - Slapshot by Jeremy Lauzon.
19:43 of 1st period - Shot Misses the Net.
19:45 of 1st period - Wrist shot by Uvis Balinskis.
19:45 of 1st period - Deflect By Sebastian Aho.
19:45 of 1st period - Shot Misses the Net.
19:45 of 1st period - Puck is out of play.
19:46 of 1st period - J.T. Miller wins face-off versus Jack Drury in Dallas Stars zone.
Goals for this period are 0 for Calgary Flames vs 1 for Dallas Stars.
Shots for this period are 14 for Calgary Flames vs 13 for Dallas Stars.

2nd period


0:01 of 2nd period - Elias Lindholm wins face-off versus Bo Horvat in neutral zone.
0:04 of 2nd period - Sebastian Aho is hit by Elias Lindholm and loses puck.
0:27 of 2nd period - Wrist shot by Nic Dowd.
0:27 of 2nd period - Goal by Nic Dowd - Calgary Flames : 1 - Dallas Stars : 1.
0:28 of 2nd period - Pavel Zacha wins face-off versus Filip Chytil in neutral zone.
0:35 of 2nd period - Snap shot by Jordan Greenway.
0:35 of 2nd period - Goal by Jordan Greenway - Calgary Flames : 1 - Dallas Stars : 2.
0:36 of 2nd period - Pavel Zacha wins face-off versus Filip Chytil in neutral zone.
0:38 of 2nd period - Off-side.
0:39 of 2nd period - Nick Paul wins face-off versus Filip Chytil in neutral zone.
0:55 of 2nd period - Pavel Zacha is hit by Filip Chytil and loses puck.
1:08 of 2nd period - Snap shot by Pavel Zacha.
1:08 of 2nd period - Shot Blocked by Trevor van Riemsdyk.
1:10 of 2nd period - Slapshot by Nick Paul.
1:10 of 2nd period - Shot Blocked by Jordan Greenway.
1:12 of 2nd period - Snap shot by Pavel Zacha.
1:12 of 2nd period - Shot Misses the Net.
1:14 of 2nd period - Wrist shot by Zach Hyman.
1:14 of 2nd period - Shot Misses the Net.
1:16 of 2nd period - Slapshot by Drew Doughty.
1:16 of 2nd period - Shot Misses the Net.
1:18 of 2nd period - Slapshot by Drew Doughty.
1:18 of 2nd period - Deflect By Zach Hyman.
1:18 of 2nd period - Shot Hit the Post.
1:18 of 2nd period - Puck is out of play.
1:19 of 2nd period - Bo Horvat wins face-off versus Jonatan Berggren in Dallas Stars zone.
1:26 of 2nd period - Uvis Balinskis is hit by Luke Kunin and loses puck.
1:54 of 2nd period - Joel Eriksson Ek is hit by Josh Anderson and loses puck.
2:28 of 2nd period - Jonatan Berggren is hit by Filip Hronek and loses puck.
2:35 of 2nd period - Wrist shot by Cale Makar.
2:35 of 2nd period - Shot Misses the Net.
2:52 of 2nd period - Slapshot by Alex Iafallo.
2:52 of 2nd period - Goal by Alex Iafallo - Calgary Flames : 1 - Dallas Stars : 3.
2:53 of 2nd period - J.T. Miller wins face-off versus Elias Lindholm in neutral zone.
3:23 of 2nd period - Slapshot by Jakob Chychrun.
3:23 of 2nd period - Stopped by Ilya Sorokin with a rebound.
3:57 of 2nd period - Snap shot by Jack Drury.
3:57 of 2nd period - Stopped by Ilya Sorokin with a rebound.
4:23 of 2nd period - Slapshot by Sebastian Aho.
4:23 of 2nd period - Shot Blocked by Trevor van Riemsdyk.
5:05 of 2nd period - Wrist shot by Elias Lindholm.
5:05 of 2nd period - Deflect By Brendan Gallagher.
5:05 of 2nd period - Stopped by Ilya Sorokin with a rebound.
5:07 of 2nd period - Slapshot by Trevor van Riemsdyk.
5:07 of 2nd period - Shot Blocked by Sebastian Aho.
5:09 of 2nd period - Slapshot by Trevor van Riemsdyk.
5:09 of 2nd period - Shot Blocked by Bo Horvat.
5:25 of 2nd period - Wrist shot by Brendan Gallagher.
5:25 of 2nd period - Shot Misses the Net.
5:47 of 2nd period - Wrist shot by Elias Lindholm.
5:47 of 2nd period - Deflect By Sebastian Aho.
5:47 of 2nd period - Shot Misses the Net.
5:47 of 2nd period - Puck is out of play.
5:48 of 2nd period - J.T. Miller wins face-off versus Jonatan Berggren in Calgary Flames zone.
5:53 of 2nd period - Wrist shot by Jordan Martinook.
5:53 of 2nd period - Stopped by Ilya Sorokin without a rebound.
5:54 of 2nd period - Joel Eriksson Ek wins face-off versus Jonatan Berggren in Calgary Flames zone.
6:05 of 2nd period - Wrist shot by Chris Kreider.
6:05 of 2nd period - Stopped by Alex Lyon with a rebound.
6:11 of 2nd period - Wrist shot by Chris Kreider.
6:11 of 2nd period - Stopped by Alex Lyon with a rebound.
6:27 of 2nd period - Zach Hyman is hit by Filip Chytil and loses puck.
6:37 of 2nd period - Icing by Nick Paul.
6:38 of 2nd period - Pavel Zacha wins face-off versus Jack Drury in Calgary Flames zone.
6:43 of 2nd period - Snap shot by Zach Hyman.
6:43 of 2nd period - Stopped by Alex Lyon without a rebound.
6:44 of 2nd period - J.T. Miller wins face-off versus Jack Drury in Dallas Stars zone.
6:45 of 2nd period - Slapshot by Joel Eriksson Ek.
6:45 of 2nd period - Stopped by Alex Lyon with a rebound.
6:47 of 2nd period - Wrist shot by Chris Kreider.
6:47 of 2nd period - Shot Misses the Net.
6:49 of 2nd period - Slapshot by Drew Doughty.
6:49 of 2nd period - Stopped by Alex Lyon with a rebound.
8:20 of 2nd period - Dougie Hamilton is hit by Nic Dowd and loses puck.
9:25 of 2nd period - Wrist shot by Joel Eriksson Ek.
9:25 of 2nd period - Deflect By Filip Chytil.
9:25 of 2nd period - Shot Misses the Net.
9:25 of 2nd period - Puck is out of play.
9:26 of 2nd period - Pavel Zacha wins face-off versus Jonatan Berggren in Dallas Stars zone.
9:27 of 2nd period - Snap shot by Zach Hyman.
9:27 of 2nd period - Stopped by Alex Lyon with a rebound.
9:40 of 2nd period - Slapshot by Jonas Siegenthaler.
9:40 of 2nd period - Stopped by Ilya Sorokin without a rebound.
9:41 of 2nd period - Filip Chytil wins face-off versus Nic Dowd in Calgary Flames zone.
9:42 of 2nd period - Wrist shot by Alex Iafallo.
9:42 of 2nd period - Stopped by Ilya Sorokin with a rebound.
9:48 of 2nd period - Jordan Greenway is hit by Nic Dowd and loses puck.
10:32 of 2nd period - Jonas Siegenthaler is hit by Sebastian Aho and loses puck.
10:37 of 2nd period - Slapshot by Bo Horvat.
10:37 of 2nd period - Shot Hit the Post.
10:39 of 2nd period - Snap shot by Bo Horvat.
10:39 of 2nd period - Deflect By Evan Rodrigues.
10:39 of 2nd period - Shot Misses the Net.
10:39 of 2nd period - Puck is out of play.
10:40 of 2nd period - Luke Kunin wins face-off versus J.T. Miller in Dallas Stars zone.
11:11 of 2nd period - Slapshot by Zach Hyman.
11:11 of 2nd period - Stopped by Alex Lyon with a rebound.
11:45 of 2nd period - Minor Penalty to Bo Horvat for High sticking.
11:46 of 2nd period - Nick Paul wins face-off versus Elias Lindholm in Calgary Flames zone.
11:57 of 2nd period - Joel Eriksson Ek is hit by Josh Anderson and loses puck.
12:52 of 2nd period - J.T. Miller is hit by Luke Kunin and loses puck.
13:45 of 2nd period - Penalty to Bo Horvat is over, Bo Horvat is back on ice.
14:00 of 2nd period - Nic Dowd is hit by Arber Xhekaj and loses puck.
15:15 of 2nd period - J.T. Miller is hit by Elias Lindholm and loses puck.
15:52 of 2nd period - Drew Doughty is hit by Jack Drury and loses puck.
16:01 of 2nd period - Wrist shot by Joel Eriksson Ek.
16:01 of 2nd period - Shot Misses the Net.
16:04 of 2nd period - Icing by Filip Chytil.
16:05 of 2nd period - Filip Chytil wins face-off versus Bo Horvat in Dallas Stars zone.
16:10 of 2nd period - Sebastian Aho is hit by Jordan Greenway and loses puck.
16:28 of 2nd period - Snap shot by Trent Frederic.
16:28 of 2nd period - Shot Blocked by Rasmus Andersson.
16:30 of 2nd period - Slapshot by Trent Frederic.
16:30 of 2nd period - Stopped by Ilya Sorokin with a rebound.
16:32 of 2nd period - Slapshot by Jonas Siegenthaler.
16:32 of 2nd period - Stopped by Ilya Sorokin without a rebound.
16:33 of 2nd period - Pavel Zacha wins face-off versus Jonatan Berggren in Calgary Flames zone.
16:50 of 2nd period - Wrist shot by Pavel Zacha.
16:50 of 2nd period - Stopped by Alex Lyon with a rebound.
17:38 of 2nd period - Snap shot by Bo Horvat.
17:38 of 2nd period - Stopped by Alex Lyon with a rebound.
17:45 of 2nd period - Off-side.
17:46 of 2nd period - Nic Dowd wins face-off versus Jonatan Berggren in neutral zone.
17:49 of 2nd period - Slapshot by Drew Doughty.
17:49 of 2nd period - Deflect By Mathieu Joseph.
17:49 of 2nd period - Stopped by Alex Lyon with a rebound.
17:58 of 2nd period - Icing by Cale Makar.
17:59 of 2nd period - Jonatan Berggren wins face-off versus Nic Dowd in Calgary Flames zone.
18:07 of 2nd period - Icing by Mathieu Joseph.
18:08 of 2nd period - Jonatan Berggren wins face-off versus Nic Dowd in Calgary Flames zone.
18:09 of 2nd period - Snap shot by Jordan Martinook.
18:09 of 2nd period - Shot Misses the Net.
18:11 of 2nd period - Wrist shot by Jonatan Berggren.
18:11 of 2nd period - Stopped by Ilya Sorokin with a rebound.
18:13 of 2nd period - Snap shot by Luke Kunin.
18:13 of 2nd period - Deflect By Jordan Martinook.
18:13 of 2nd period - Shot Blocked by Mathieu Joseph.
18:13 of 2nd period - Puck is out of play.
18:14 of 2nd period - J.T. Miller wins face-off versus Jonatan Berggren in Calgary Flames zone.
18:14 of 2nd period - J.T. Miller is hit by Luke Kunin.
18:40 of 2nd period - Jakob Chychrun is hit by Drew Doughty and loses puck.
19:03 of 2nd period - Snap shot by Pavel Zacha.
19:03 of 2nd period - Stopped by Alex Lyon without a rebound.
19:04 of 2nd period - Filip Chytil wins face-off versus Pavel Zacha in Dallas Stars zone.
19:39 of 2nd period - Wrist shot by Bo Horvat.
19:39 of 2nd period - Shot Blocked by Arber Xhekaj.
19:57 of 2nd period - Snap shot by Filip Chytil.
19:57 of 2nd period - Shot Blocked by Cale Makar.
19:59 of 2nd period - Wrist shot by Filip Chytil.
19:59 of 2nd period - Stopped by Ilya Sorokin with a rebound.
Goals for this period are 1 for Calgary Flames vs 2 for Dallas Stars.
Shots for this period are 12 for Calgary Flames vs 12 for Dallas Stars.

3rd period


0:01 of 3rd period - J.T. Miller wins face-off versus Jonatan Berggren in neutral zone.
0:27 of 3rd period - Trevor van Riemsdyk is hit by Pavel Zacha and loses puck.
0:36 of 3rd period - Slapshot by Jordan Martinook.
0:36 of 3rd period - Deflect By Luke Kunin.
0:36 of 3rd period - Shot Misses the Net.
0:36 of 3rd period - Puck is out of play.
0:37 of 3rd period - Elias Lindholm wins face-off versus Bo Horvat in Calgary Flames zone.
0:40 of 3rd period - Backhand shot by Brendan Gallagher.
0:40 of 3rd period - Shot Blocked by Uvis Balinskis.
0:48 of 3rd period - Snap shot by Brendan Gallagher.
0:48 of 3rd period - Shot Misses the Net.
0:50 of 3rd period - Snap shot by Elias Lindholm.
0:50 of 3rd period - Shot Misses the Net.
0:52 of 3rd period - Snap shot by Elias Lindholm.
0:52 of 3rd period - Shot Misses the Net.
1:02 of 3rd period - Snap shot by Filip Chytil.
1:02 of 3rd period - Deflect By Jordan Greenway.
1:02 of 3rd period - Stopped by Ilya Sorokin with a rebound.
1:10 of 3rd period - Snap shot by Joel Eriksson Ek.
1:10 of 3rd period - Stopped by Alex Lyon with a rebound.
1:12 of 3rd period - Snap shot by Joel Eriksson Ek.
1:12 of 3rd period - Stopped by Alex Lyon with a rebound.
1:14 of 3rd period - Slapshot by Chris Kreider.
1:14 of 3rd period - Stopped by Alex Lyon without a rebound.
1:15 of 3rd period - Elias Lindholm wins face-off versus Pavel Zacha in Dallas Stars zone.
1:15 of 3rd period - Elias Lindholm is hit by Filip Hronek.
2:07 of 3rd period - Wrist shot by Trent Frederic.
2:07 of 3rd period - Stopped by Ilya Sorokin without a rebound.
2:08 of 3rd period - Bo Horvat wins face-off versus Jack Drury in Calgary Flames zone.
2:08 of 3rd period - Bo Horvat is hit by Arber Xhekaj.
2:16 of 3rd period - Trent Frederic is hit by Sebastian Aho and loses puck.
2:33 of 3rd period - Cam York is hit by J.T. Miller and loses puck.
2:52 of 3rd period - Snap shot by Cale Makar.
2:52 of 3rd period - Stopped by Alex Lyon with a rebound.
3:21 of 3rd period - Icing by Mark Jankowski.
3:22 of 3rd period - Elias Lindholm wins face-off versus Nic Dowd in Calgary Flames zone.
4:59 of 3rd period - Off-side.
5:00 of 3rd period - Elias Lindholm wins face-off versus J.T. Miller in neutral zone.
5:07 of 3rd period - Snap shot by Elias Lindholm.
5:07 of 3rd period - Stopped by Ilya Sorokin without a rebound.
5:08 of 3rd period - J.T. Miller wins face-off versus Elias Lindholm in Calgary Flames zone.
5:43 of 3rd period - Snap shot by Elias Lindholm.
5:43 of 3rd period - Stopped by Ilya Sorokin without a rebound.
5:44 of 3rd period - Bo Horvat wins face-off versus Jonatan Berggren in Calgary Flames zone.
5:49 of 3rd period - Snap shot by Evan Rodrigues.
5:49 of 3rd period - Stopped by Alex Lyon with a rebound.
6:19 of 3rd period - Wrist shot by Filip Chytil.
6:19 of 3rd period - Shot Blocked by Zach Hyman.
6:41 of 3rd period - Jack Drury is hit by Uvis Balinskis and loses puck.
8:02 of 3rd period - Snap shot by Josh Anderson.
8:02 of 3rd period - Stopped by Ilya Sorokin without a rebound.
8:03 of 3rd period - Nic Dowd wins face-off versus Elias Lindholm in Calgary Flames zone.
8:07 of 3rd period - Rasmus Andersson is hit by Jonas Siegenthaler and loses puck.
8:20 of 3rd period - Wrist shot by Mark Jankowski.
8:20 of 3rd period - Shot Misses the Net.
8:26 of 3rd period - Wrist shot by Nic Dowd.
8:26 of 3rd period - Stopped by Alex Lyon without a rebound.
8:27 of 3rd period - J.T. Miller wins face-off versus Jonatan Berggren in Dallas Stars zone.
9:12 of 3rd period - Snap shot by Jordan Martinook.
9:12 of 3rd period - Shot Blocked by Cale Makar.
9:14 of 3rd period - Wrist shot by Luke Kunin.
9:14 of 3rd period - Deflect By Jordan Martinook.
9:14 of 3rd period - Shot Misses the Net.
9:14 of 3rd period - Puck is out of play.
9:15 of 3rd period - Elias Lindholm wins face-off versus J.T. Miller in Calgary Flames zone.
9:35 of 3rd period - J.T. Miller is hit by Brendan Gallagher and loses puck.
9:48 of 3rd period - Snap shot by Alex Iafallo.
9:48 of 3rd period - Stopped by Ilya Sorokin with a rebound.
9:58 of 3rd period - Wrist shot by Filip Chytil.
9:58 of 3rd period - Stopped by Ilya Sorokin without a rebound.
9:59 of 3rd period - Pavel Zacha wins face-off versus Joel Kiviranta in Calgary Flames zone.
10:13 of 3rd period - Minor Penalty to Jeremy Lauzon for Tripping.
10:14 of 3rd period - J.T. Miller wins face-off versus Alex Iafallo in Calgary Flames zone.
10:49 of 3rd period - Wrist shot by Brendan Gallagher.
10:49 of 3rd period - Stopped by Ilya Sorokin without a rebound.
10:50 of 3rd period - J.T. Miller wins face-off versus Alex Iafallo in Calgary Flames zone.
11:19 of 3rd period - Wrist shot by Josh Anderson.
11:19 of 3rd period - Shot Blocked by Cale Makar.
11:35 of 3rd period - Brendan Gallagher is hit by Joel Eriksson Ek and loses puck.
12:01 of 3rd period - Uvis Balinskis is hit by Josh Anderson and loses puck.
12:13 of 3rd period - Penalty to Jeremy Lauzon is over, Jeremy Lauzon is back on ice.
12:46 of 3rd period - Trent Frederic is hit by Nick Paul and loses puck.
13:01 of 3rd period - Wrist shot by Mathieu Joseph.
13:01 of 3rd period - Stopped by Alex Lyon with a rebound.
13:45 of 3rd period - Wrist shot by Zach Hyman.
13:45 of 3rd period - Stopped by Alex Lyon with a rebound.
13:47 of 3rd period - Wrist shot by Pavel Zacha.
13:47 of 3rd period - Stopped by Alex Lyon without a rebound.
13:48 of 3rd period - Jonatan Berggren wins face-off versus Bo Horvat in Dallas Stars zone.
14:08 of 3rd period - Off-side.
14:09 of 3rd period - Jack Drury wins face-off versus Joel Eriksson Ek in neutral zone.
14:43 of 3rd period - Slapshot by Jonas Siegenthaler.
14:43 of 3rd period - Stopped by Ilya Sorokin with a rebound.
14:53 of 3rd period - Wrist shot by Joel Kiviranta.
14:53 of 3rd period - Shot Blocked by Uvis Balinskis.
14:59 of 3rd period - Chris Kreider is hit by Jonas Siegenthaler and loses puck.
15:25 of 3rd period - Joel Eriksson Ek is hit by Trent Frederic and loses puck.
15:45 of 3rd period - Minor Penalty to Trent Frederic for Tripping.
15:46 of 3rd period - Elias Lindholm wins face-off versus Bo Horvat in Dallas Stars zone.
16:02 of 3rd period - Icing by Bo Horvat.
16:03 of 3rd period - Brendan Gallagher wins face-off versus Zach Hyman in Calgary Flames zone.
16:56 of 3rd period - Wrist shot by Bo Horvat.
16:56 of 3rd period - Stopped by Alex Lyon with a rebound.
16:58 of 3rd period - Wrist shot by Sebastian Aho.
16:58 of 3rd period - Shot Blocked by Trevor van Riemsdyk.
17:00 of 3rd period - Slapshot by Cale Makar.
17:00 of 3rd period - Shot Blocked by Trevor van Riemsdyk.
17:02 of 3rd period - Slapshot by Cale Makar.
17:02 of 3rd period - Shot Misses the Net.
17:04 of 3rd period - Wrist shot by Zach Hyman.
17:04 of 3rd period - Deflect By Sebastian Aho.
17:04 of 3rd period - Stopped by Alex Lyon with a rebound.
17:10 of 3rd period - Snap shot by Zach Hyman.
17:10 of 3rd period - Goal by Zach Hyman - Calgary Flames : 2 - Dallas Stars : 3.
17:11 of 3rd period - Filip Chytil wins face-off versus J.T. Miller in neutral zone.
17:23 of 3rd period - Slapshot by Jordan Greenway.
17:23 of 3rd period - Stopped by Ilya Sorokin without a rebound.
17:24 of 3rd period - Filip Chytil wins face-off versus J.T. Miller in Calgary Flames zone.
17:29 of 3rd period - Snap shot by Alex Iafallo.
17:29 of 3rd period - Shot Misses the Net.
17:49 of 3rd period - Josh Anderson is hit by Jeremy Lauzon and loses puck.
18:18 of 3rd period - Evan Rodrigues is hit by Luke Kunin.
18:43 of 3rd period - Wrist shot by Jordan Martinook.
18:43 of 3rd period - Shot Blocked by Drew Doughty.
18:45 of 3rd period - Slapshot by Dougie Hamilton.
18:45 of 3rd period - Shot Misses the Net.
18:47 of 3rd period - Slapshot by Jordan Martinook.
18:47 of 3rd period - Shot Blocked by Chris Kreider.
18:53 of 3rd period - Slapshot by Dougie Hamilton.
18:53 of 3rd period - Shot Misses the Net.
19:03 of 3rd period - Slapshot by Jordan Martinook.
19:03 of 3rd period - Stopped by Ilya Sorokin with a rebound.
19:13 of 3rd period - Slapshot by Dougie Hamilton.
19:13 of 3rd period - Stopped by Ilya Sorokin with a rebound.
19:15 of 3rd period - Slapshot by Trevor van Riemsdyk.
19:15 of 3rd period - Shot Blocked by J.T. Miller.
19:17 of 3rd period - Slapshot by Trevor van Riemsdyk.
19:17 of 3rd period - Stopped by Ilya Sorokin without a rebound.
19:18 of 3rd period - Bruce Boudreau call a timeout for Calgary Flames.
19:18 of 3rd period - Bo Horvat wins face-off versus Elias Lindholm in Calgary Flames zone.
19:20 of 3rd period - Minor Penalty to Rasmus Andersson for Hooking.
19:21 of 3rd period - J.T. Miller wins face-off versus Elias Lindholm in Calgary Flames zone.
19:49 of 3rd period - Wrist shot by Jordan Martinook.
19:49 of 3rd period - Shot Misses the Net.
19:51 of 3rd period - Snap shot by Alex Iafallo.
19:51 of 3rd period - Stopped by Ilya Sorokin with a rebound.
19:53 of 3rd period - Slapshot by Trevor van Riemsdyk.
19:53 of 3rd period - Stopped by Ilya Sorokin without a rebound.
19:54 of 3rd period - Alex Iafallo wins face-off versus Bo Horvat in Calgary Flames zone.
Goals for this period are 1 for Calgary Flames vs 0 for Dallas Stars.
Shots for this period are 12 for Calgary Flames vs 15 for Dallas Stars.